[Event "1st Semana Santa Torrevieja 2022"]
[Site "Torrevieja Alicante"]
[Date "2022.04.13"]
[Round "1.12"]
[White "Alonso Perez, Alfredo"]
[Black "Rakotomaharo, Fy Antenaina"]
[Result "*"]
[WhiteElo "1829"]
[BlackElo "2474"]
[Annotator "TA"]
[PlyCount "32"]
[EventDate "2022.04.12"]
[EventType "swiss"]
[EventCountry "ESP"]
[SourceTitle "playchess.com"]
[Source "ChessBase"]
[SourceQuality "1"]
[TimeControl "5400+30"]

1. d4 d5 2. c4 e6 {[%emt 0:01:00] An uneventful encounter.} {Predecessor:} 3. Nc3 c5 4. e3 Nf6 5. Nf3 a6 6. cxd5 {D32: Tarrasch Defence: Sidelines and lines without g3.} exd5 7. Be2 Nc6 8. O-O cxd4 9. exd4 Be7 10. Ne5 O-O 11. Bf4 Bf5 12. Nxc6 bxc6 13. Rc1 Bd6 14. Bxd6 Qxd6 15. Na4 a5 16. Nc5 Rfe8 {½-½ (56) Ding,L (2799)-Carlsen,M (2864) chess24.com INT 2022} *

[Event "1st Semana Santa Torrevieja 2022"]
[Site "Torrevieja Alicante"]
[Date "2022.04.13"]
[Round "1.16"]
[White "Alonso Vargas, David"]
[Black "Aagaard, Jacob"]
[Result "*"]
[WhiteElo "1808"]
[BlackElo "2465"]
[Annotator "TA"]
[PlyCount "32"]
[EventDate "2022.04.12"]
[EventType "swiss"]
[EventCountry "ESP"]
[SourceTitle "playchess.com"]
[Source "ChessBase"]
[SourceQuality "1"]
[TimeControl "5400+30"]

1. c4 e6 2. d4 d5 {[%emt 1:31:30] An uneventful encounter.} {Predecessor:} 3. Nc3 c5 4. e3 Nf6 5. Nf3 a6 6. cxd5 {D32: Tarrasch Defence: Sidelines and lines without g3.} exd5 7. Be2 Nc6 8. O-O cxd4 9. exd4 Be7 10. Ne5 O-O 11. Bf4 Bf5 12. Nxc6 bxc6 13. Rc1 Bd6 14. Bxd6 Qxd6 15. Na4 a5 16. Nc5 Rfe8 {½-½ (56) Ding,L (2799)-Carlsen,M (2864) chess24.com INT 2022} *

[Event "1st Semana Santa Torrevieja 2022"]
[Site "Torrevieja Alicante"]
[Date "2022.04.14"]
[Round "2.1"]
[White "Guadamuro Torrente, Anabel"]
[Black "Grigoryan, Karen H."]
[Result "0-1"]
[ECO "B24"]
[WhiteElo "2108"]
[BlackElo "2636"]
[Annotator "TA"]
[PlyCount "72"]
[EventDate "2022.04.12"]
[EventType "swiss"]
[EventCountry "ESP"]
[SourceTitle "playchess.com"]
[Source "ChessBase"]
[SourceQuality "1"]
[TimeControl "5400+30"]

1. e4 c5 2. d3 Nc6 3. g3 g6 4. Bg2 Bg7 5. f4 e6 6. Nf3 Nge7 7. O-O O-O 8. Nc3 d5 9. e5 f6 {[%emt 0:04:05] B24: Closed Sicilian: 3 g3 sidelines.} 10. exf6 Bxf6 11. Re1 Nf5 {[%emt 0:02:08] The position is equal.} 12. Ne2 b5 13. g4 {[%emt 0:04:33] [#]} Nh4 $146 ({Predecessor:} 13... Nfd4 14. Nexd4 Nxd4 15. c3 Nxf3+ 16. Qxf3 Qd6 17. Qg3 Bb7 18. h4 Rae8 19. h5 gxh5 {0-1 (28) Maljush,A (2371)-Khachykian,D (2001) Minsk 2005}) 14. Nxh4 Bxh4 15. Ng3 Qd6 16. c3 Bd7 17. a4 b4 18. d4 cxd4 19. cxd4 Rxf4 20. Bxf4 Qxf4 21. Rf1 Qe3+ 22. Kh1 Nxd4 23. Re1 Qf4 {[%emt 0:02:19] &Nero is much more active.} 24. Re4 dxe4 $17 25. Qxd4 Rd8 26. Rf1 (26. Nxe4 $17 Bc6 27. Qxb4) 26... Qc7 $19 ({Not} 26... Qxg4 27. Nxe4 e5 28. Qxb4 $17) 27. Nxe4 {[%emt 0:00:20] [#]} (27. Qxb4 {is a better chance.} e3 28. Qe4) 27... Bb5 $1 {[%emt 0:00:34][%mdl 512] This bishop pair is nice.} 28. Qxd8+ (28. Qc5 Qxc5) 28... Qxd8 29. axb5 Qd4 30. Rc1 Qxb2 31. Rc8+ Kf7 32. Rc7+ Kf8 {[%emt 0:00:34] [#] ( -> ...Qa1+)} 33. Bf3 b3 {[%emt 0:01:28] White must now prevent ...Qa1+.} 34. Nc5 Qf2 {[%emt 0:01:06][%cal Rf2f1] Black mates.} 35. Nxe6+ Kg8 36. Rc8+ Kf7 {[%emt 0:00:07] Weighted Error Value: White=0.82/Black=0.09 (flawless)} 0-1

[Event "1st Semana Santa Torrevieja 2022"]
[Site "Torrevieja Alicante"]
[Date "2022.04.14"]
[Round "2.2"]
[White "Moussard, Jules"]
[Black "Gromovs, Sergejs"]
[Result "1-0"]
[ECO "B90"]
[WhiteElo "2630"]
[BlackElo "2080"]
[Annotator "TA"]
[PlyCount "45"]
[EventDate "2022.04.12"]
[EventType "swiss"]
[EventCountry "ESP"]
[SourceTitle "playchess.com"]
[Source "ChessBase"]
[SourceQuality "1"]
[TimeControl "5400+30"]

1. e4 c5 2. Nf3 d6 3. d4 cxd4 4. Nxd4 Nf6 5. Nc3 a6 6. Bd3 e5 7. Nde2 Be7 8. O-O O-O 9. Ng3 {[%emt 0:03:41] B90: Sicilian Najdorf: Unusual White 6th moves, 6 Be3 Ng4 and 6 Be3 e5.} b5 10. f4 exf4 11. Bxf4 {[%emt 0:00:11] [#] White has an edge.} Nc6 $146 ({Predecessor:} 11... Ng4 12. Nd5 Ne5 13. a4 b4 14. Be3 Nbc6 15. a5 Rb8 16. Nf5 Bg5 17. Bb6 Rxb6 18. Nxb6 {1-0 (32) Priyanka,K (2067)-Kurbonboeva,S (2266) Navrangpura 2019}) 12. a4 b4 13. Nd5 Ne5 14. Nxe7+ Qxe7 15. Kh1 Qa7 ({Better is} 15... h6 $14) 16. Qd2 $16 Qc5 (16... Nxd3 $16 {was worth a try.} 17. cxd3 (17. Qxd3 a5 $14) 17... Ne8 18. Qxb4 Be6) 17. Be3 $18 Qc7 {[%emt 0:00:29] [#]} 18. Qxb4 $2 (18. Rxf6 $1 $18 {[%mdl 512] and the rest is easy.} gxf6 19. Nh5) 18... Rb8 $16 19. Qd2 {[%emt 0:05:14][%cal Of1f6] Black must now prevent Rxf6! &Bianco is more active.} Rxb2 $2 {[%emt 0:00:31] [#]} (19... Nfg4 $16) 20. Bd4 (20. Rxf6 $1 $18 {[%cal Od2e1][%mdl 512] aiming for Qe1!} Nxd3 21. Qxd3 gxf6 22. Rc1) 20... Nxd3 21. Bxb2 ({Reject} 21. Qxd3 $6 Qxc2 22. Qxc2 Rxc2 $11) 21... Nxb2 {[%emt 0:00:05] [#]} 22. Rxf6 $1 gxf6 $4 {[%emt 0:00:18][%mdl 8192] [#]} (22... Nc4 $16 {is more resistant.} 23. Qg5 Kh8) 23. Nh5 $1 {[%emt 0:00:54] Weighted Error Value: White=0.23 (precise) /Black=0.91} 1-0

[Event "1st Semana Santa Torrevieja 2022"]
[Site "Torrevieja Alicante"]
[Date "2022.04.14"]
[Round "2.3"]
[White "Cuenca Jimenez, Francisco Javier"]
[Black "Iturrizaga Bonelli, Eduardo"]
[Result "0-1"]
[ECO "A37"]
[WhiteElo "2093"]
[BlackElo "2595"]
[Annotator "TA"]
[PlyCount "88"]
[EventDate "2022.04.12"]
[EventType "swiss"]
[EventCountry "ESP"]
[SourceTitle "playchess.com"]
[Source "ChessBase"]
[SourceQuality "1"]
[TimeControl "5400+30"]

1. c4 c5 2. Nc3 g6 3. g3 Bg7 4. Bg2 Nc6 5. a3 e6 6. b4 d6 7. Nf3 Nge7 8. O-O O-O 9. Rb1 b6 10. Qc2 Bb7 11. d3 Qd7 {[%emt 0:05:06] A37: Symmetrical English vs ...g6: 4 Bg2 Bg7 5 Nf3.} 12. bxc5 dxc5 {[%emt 0:00:27] [#]} 13. Rd1 $146 ({Predecessor:} 13. Nb5 h6 14. Bb2 e5 15. Rfd1 Nd4 16. Nbxd4 exd4 17. Ne1 f5 18. e3 Nc6 19. Bd5+ {½-½ (38) Gonzalez Parejo,R (2129)-Ruiz Castillo,J (2393) Quibdo 2015}) 13... h6 {[%emt 0:00:52] Black has an edge.} 14. Bb2 Rac8 15. e3 Rfd8 16. h4 Nf5 17. Ne4 e5 18. Bh3 Rc7 {[%emt 0:03:37][%cal Of5e3] ...Nxe3! is the strong threat.} 19. Kh2 Bc8 20. Bg2 Bb7 21. Bh3 Bc8 {[%emt 0:00:20][%cal Of5e3] White should prevent ...Nxe3!} 22. Bg2 Nfe7 23. Nc3 (23. d4 $5 cxd4 24. exd4 exd4 25. Nxd4 Nxd4 26. Rxd4 Bxd4 27. Rd1 $11) 23... Qe8 24. Nb5 Rb7 25. Nc3 Bg4 26. Rd2 Rbd7 27. e4 ({White should play} 27. Kg1 $15) 27... f5 $17 {[%emt 0:04:39][%cal Og6g5,Bf7f5,Bf5f4][%mdl 32] Strongly threatening ...g5!} 28. Nd5 Qf7 29. Ng1 f4 (29... Nxd5 $6 30. cxd5 Nd4 31. Bxd4 cxd4 32. f3 $11) 30. Bh3 h5 (30... Nxd5 $6 31. exd5 (31. Bxg4 $2 fxg3+ 32. fxg3 Ne3 $19) 31... Nd4 32. Bxd4 Bxh3 33. Nxh3 $11) (30... Bxh3 $17 31. Nxh3 f3) 31. Rf1 (31. Bxg4 hxg4 32. gxf4 exf4 $19) (31. f3 $1 $11 fxg3+ 32. Kxg3) 31... Bh6 32. Bxg4 hxg4 33. gxf4 (33. f3 $17) 33... Bxf4+ 34. Nxf4 $2 (34. Kg2 {was the only defense.} Nxd5 35. cxd5) 34... exf4 $19 35. f3 Qh7 (35... g3+ $142 36. Kh1 g5) 36. fxg4 Qxh4+ 37. Kg2 g5 (37... Qxg4+ 38. Kh1) (37... Qg3+ $19 38. Kh1 Rxd3) 38. Nf3 $2 ({White has to play} 38. Rf3 $15) 38... Qg3+ 39. Kh1 {[%emt 0:00:08] [#]} Ng6 $1 ({Don't play} 39... Qxg4 {[#]} 40. Nxg5 $1 Qxg5 41. Rg2 $18) ({Inferior is} 39... Qh3+ 40. Kg1 $11) 40. Nxg5 $2 (40. Rh2 Rxd3 41. Qe2 (41. Nxg5 $2 Nce5 $19)) 40... Qh4+ {[%emt 0:00:29] Black is clearly winning.} 41. Rh2 Qxg5 42. Rh5 Qxg4 43. Qh2 {[%emt 0:00:17] [#]} Qxh5 $3 44. Qxh5 Rh7 {[%emt 0:00:05] Weighted Error Value: White=0.69/Black=0.50} 0-1

[Event "1st Semana Santa Torrevieja 2022"]
[Site "Torrevieja Alicante"]
[Date "2022.04.14"]
[Round "2.4"]
[White "Yuffa, Daniil"]
[Black "Varela La Madrid, Tilsia Carolina"]
[Result "1-0"]
[ECO "E04"]
[WhiteElo "2576"]
[BlackElo "2104"]
[Annotator "TA"]
[PlyCount "75"]
[EventDate "2022.04.12"]
[EventType "swiss"]
[EventCountry "ESP"]
[SourceTitle "playchess.com"]
[Source "ChessBase"]
[SourceQuality "1"]
[TimeControl "5400+30"]

1. d4 d5 2. c4 e6 3. Nf3 a6 4. g3 dxc4 5. Bg2 Nc6 6. O-O Rb8 7. e4 Nf6 8. Nc3 Be7 9. Qe2 {[%emt 0:00:24] 9.d5 is more fashionable.} b5 {[%emt 0:02:33] 9...Nxd4 is not played anymore. E04: Open Catalan: 5 Nf3.} 10. d5 (10. Rd1 $5 ) 10... Nb4 11. Rd1 {[%emt 0:02:21] Threatens to win with dxe6.} exd5 {[%emt 0:21:29] The position is equal.} 12. e5 $1 {[%emt 0:00:08] aiming for a3.} O-O {[%emt 0:00:05] [#]} 13. Nd4 $146 {[%emt 0:12:39] [#]} (13. a3 $14 {stays ahead.} Nd3 14. exf6 Bxf6 15. Rxd3 cxd3 16. Qxd3) ({Predecessor:} 13. exf6 Bxf6 14. a3 Re8 15. Be3 Nd3 16. Ne1 d4 17. Nxd3 cxd3 18. Rxd3 Bf5 19. Rd2 {0-1 (37) Kezin,R (2455)-Potkin,V (2574) Sochi 2017}) 13... c5 14. exf6 $14 Bxf6 {[%emt 0:00:14] [#]} 15. Nxd5 $1 {[%emt 0:00:57] &Bianco is more active.} cxd4 (15... Nxd5 16. Nc6 Qe8 17. Qxe8 Rxe8 18. Nxb8 $16) 16. Nxb4 d3 17. Qh5 (17. Qf1 $5 ) 17... Rb6 (17... g6 $11 18. Qh6 Bb7) 18. Nd5 Rd6 (18... Re6 $16) 19. a4 $2 (19. Be4 h6 $14) (19. Nxf6+ $18 Qxf6 20. a4 (20. Bf4 Rdd8 $16)) 19... g6 $2 {[%emt 0:04:40] This move loses the game for Black.} (19... Bd4 $1 $14) 20. Nxf6+ $18 Qxf6 21. Qc5 {[%emt 0:10:55] Hoping for Bf4.} Bg4 22. Bf4 Rdd8 23. Rd2 (23. axb5 Bxd1 24. Rxd1 Qxb2 25. bxa6 c3 $16) 23... Rc8 24. Qb4 Bd7 25. Bb7 Bc6 26. Bxc8 ({Don't take} 26. Bxa6 Qf5) 26... Rxc8 27. axb5 axb5 28. Qd6 Qf5 29. Re1 ({Don't do} 29. f3 Bxf3 30. Rf2 Bc6 $18) 29... Qg4 {[%emt 0:02:36] [#] ...Qf3 is the strong threat.} 30. Re3 {[%emt 0:00:27] Prevents Qf3. Strongly threatening Bh6.} Bf3 $2 (30... Qd7 31. Qf6 Qd8) 31. h3 Qh5 32. Kh2 (32. Qd7 $142 Qf5 33. Qxf5 gxf5 34. Rxf3) 32... Bg4 (32... Bc6 $142 33. f3 h6) 33. h4 {[%emt 0:00:45] Black must now prevent Re5. White is clearly winning.} h6 34. Re5 Bf5 35. Rxb5 {[%emt 0:00:26] White threatens Qf6 and mate.} Qg4 36. Rxf5 Qxf5 37. Bxh6 {[%emt 0:00:18] Intending Qd4 and mate.} Re8 38. Qd4 {[%emt 0:00:16] Weighted Error Value: White=0.46/Black=0.56} 1-0

[Event "1st Semana Santa Torrevieja 2022"]
[Site "Torrevieja Alicante"]
[Date "2022.04.14"]
[Round "2.5"]
[White "Diaz Mino, Daniel"]
[Black "Cuenca Jimenez, Jose Fernando"]
[Result "0-1"]
[ECO "B30"]
[WhiteElo "2042"]
[BlackElo "2552"]
[Annotator "TA"]
[PlyCount "102"]
[EventDate "2022.04.12"]
[EventType "swiss"]
[EventCountry "ESP"]
[SourceTitle "playchess.com"]
[Source "ChessBase"]
[SourceQuality "1"]
[TimeControl "5400+30"]

1. e4 c5 2. Nf3 Nc6 3. Bb5 e6 4. Bxc6 bxc6 5. O-O Ne7 6. b3 Ng6 7. Bb2 f6 8. d4 (8. e5 $11) 8... cxd4 $15 {[%emt 0:01:00] B30: Sicilian: 2...Nc6 3 Bb5, lines without ...g6.} 9. Nxd4 e5 $5 {[%emt 0:05:19][%mdl 4] An interesting side line.} 10. Nf5 d5 {[%emt 0:03:51] [#] Black is slightly better.} 11. Ng3 $146 ({Predecessor:} 11. Qh5 Be6 12. Nc3 Qc8 13. Rad1 dxe4 14. g4 Qc7 15. Nxe4 Bd5 16. Nfg3 O-O-O 17. Qf5+ {0-1 (54) Gdanski,J (2430)-Polgar,Z (2535) Polanica Zdroj 1991}) 11... Be6 12. Nd2 Qd7 13. c4 (13. exd5 $142 cxd5 14. c4) 13... d4 $17 14. Nf3 c5 15. Ne1 Bd6 16. Nd3 O-O 17. f3 a5 18. a4 Ne7 19. Ba3 Qc7 20. Qd2 Rab8 21. Rab1 Rb7 22. Ne2 Rfb8 23. Qc2 Qc6 24. Bc1 Qa6 {[%emt 0:04:54][%cal Oe6c4] aiming for ...Bxc4!} 25. Ba3 Qc6 26. Bc1 $1 Ng6 27. Bd2 Bc7 28. Ng3 Nf8 29. Rb2 Nd7 30. Rfb1 g6 31. Qd1 Rf8 32. Qe1 Ra7 33. Bh6 Rf7 34. h4 f5 35. exf5 $2 ({Better is} 35. f4 $1 $15) 35... gxf5 $19 36. Re2 {[%emt 0:00:09][%cal Oh6f4] [#]} Bxc4 $1 37. bxc4 {[%emt 0:00:30] Bg5 is the strong threat.} Qxh6 38. Rb5 (38. Nf1 $142) 38... Qxh4 (38... e4 39. fxe4 Qxh4 40. e5 $11) 39. Nxe5 (39. Nf1 $142 Qxe1 40. Rxe1) 39... Nxe5 $2 (39... Ra6 $19 40. f4 Nxe5 41. Rxe5 Bxe5 42. Qxe5 Qxg3 43. Rb8+ Rf8 44. Rxf8+ Kxf8 45. Qb8+ Kg7 46. Qb7+ Kh6 47. Qxa6+ Kh5) 40. Rxe5 $17 Bxe5 (40... d3 {gets mated.} 41. Re8+ Kg7 {[#]} 42. Nxf5+ $1 Rxf5 43. Qxh4 Ra6 44. Qg4+ Kh6 45. Qxf5) 41. Qxe5 Ra8 (41... Rf8 $1 $15 42. Nxf5 Qf6 43. Qd5+ (43. Qxc5 $2 Rd7 $19) 43... Kh8 44. Rxc5 Raa8 45. Qxd4 (45. Nxd4 $2 Rfd8 $19) 45... Qxd4+ 46. Nxd4 Rfc8) 42. Nxf5 $11 Qf6 43. Qg3+ (43. Qd5 $1 $11 {and White has nothing to worry.} Raf8 44. Nd6) 43... Kh8 $19 44. Rxc5 (44. Nd6 Rg7 45. Ne4) 44... Rd8 {[%emt 0:01:15] White must now prevent ...d3.} 45. Qe1 d3 46. Qd2 Qb6 {[%emt 0:01:27][%csl LRc5,LRf5] ( -> ...Rxf5)} 47. Qc3+ Kg8 48. Kh1 Qxc5 {[%emt 0:00:44] Black mates.} 49. Nh6+ Kf8 50. Nxf7 Kxf7 51. Qd2 Qe5 {[%emt 0:00:16] Weighted Error Value: White=0.70/Black=0.32} 0-1

[Event "1st Semana Santa Torrevieja 2022"]
[Site "Torrevieja Alicante"]
[Date "2022.04.14"]
[Round "2.6"]
[White "Dardha, Daniel"]
[Black "Neagu, Roberto Florin"]
[Result "1-0"]
[ECO "A50"]
[WhiteElo "2541"]
[BlackElo "2092"]
[Annotator "TA"]
[PlyCount "87"]
[EventDate "2022.04.12"]
[EventType "swiss"]
[EventCountry "ESP"]
[SourceTitle "playchess.com"]
[Source "ChessBase"]
[SourceQuality "1"]
[TimeControl "5400+30"]

1. d4 Nf6 2. c4 e6 3. Bf4 d5 4. cxd5 exd5 5. e3 Bd6 6. Bg3 {[%emt 0:00:42] A50: Queen's Fianchetto Defence (1 d4 Nf6 2 c4 b6).} O-O 7. Nc3 Re8 8. Bd3 {[%emt 0:00:51] [#] The position is equal.} Bf8 $146 ({Predecessor:} 8... Bg4 9. Nge2 Bxg3 10. hxg3 Nc6 11. Rc1 Nb4 12. Bb1 Qd7 13. Qb3 Nc6 14. Kf1 Na5 {½-½ (45) Budding,A (2060)-Ryder,A (2163) ICCF email 2016}) 9. Nge2 a6 10. Qc2 c6 11. Bh4 {[%emt 0:01:22][%cal Od3h7] With the idea Bxh7+!} h6 12. O-O-O (12. O-O $11) 12... Be6 13. Nf4 Nbd7 14. Nxe6 {[%emt 0:00:49] &Bianco is more active.} Rxe6 {[%emt 0:57:58] [#]} 15. Bh7+ $1 Kh8 16. Bf5 Re7 17. g4 g6 $1 18. Bd3 Re8 19. Kb1 Be7 (19... Bb4 $14) 20. h3 (20. f3 $16) 20... Ne4 $11 21. Bxe7 Qxe7 (21... Nxc3+ $11 {keeps the balance.} 22. bxc3 Qxe7) 22. Bxe4 $16 dxe4 23. h4 Rad8 (23... Rac8 $1 $14) 24. g5 {[%emt 0:05:36] Hoping for h5.} h5 25. Qb3 {[%emt 0:02:53] Prevents Nb6.} Kg7 26. Rhf1 (26. Qxb7 Rb8 27. Qc7 (27. Qxc6 $2 Rec8 $19) (27. Qxa6 Qb4 $17) 27... Qa3 $11) (26. Ne2 $14) 26... b5 27. Ne2 (27. d5 $5 ) 27... Nb6 28. Rc1 Rc8 (28... Nc4 29. Qc3 $16) 29. Nf4 c5 (29... Nc4 30. Qc3 $14) 30. dxc5 Rxc5 31. Rxc5 Qxc5 32. Rd1 Rc8 33. a3 Qe5 (33... a5 $11) 34. Qb4 $14 Rc4 $2 (34... Nc4 $14) 35. Qd6 $18 {[%emt 0:02:09] The board is on fire.} Qxd6 36. Rxd6 {[%emt 0:34:35][%mdl 4096] Endgame KRN-KRN} Nc8 37. Rxa6 Ne7 38. Ra7 Kf8 39. Ra8+ Kg7 40. Re8 Rc7 41. Rb8 Rc5 {[%emt 0:00:06] [#]} 42. Re8 $2 ({Resist} 42. Rb7 $6 Re5 $16) (42. b4 $1 $18 Re5 43. Re8) 42... Nf5 $2 {[%emt 0:01:19][%mdl 8192] [#]} (42... Rc7 $11) 43. b4 $1 (43. Rxe4 Nxh4 44. Nxh5+ gxh5 45. Rxh4 Rxg5 $16) 43... Rc7 (43... Rc6 44. Nd5 (44. Rxe4 Nxh4 45. Re5 Rb6 $16) 44... f6 45. gxf6+ (45. Nxf6 Nxh4 46. Rb8 Nf3 $18) 45... Kf7 46. Rxe4 Ra6) 44. Nd5 {[%emt 0:30:51] Weighted Error Value: White=0.21 (precise) /Black=0.46} 1-0

[Event "1st Semana Santa Torrevieja 2022"]
[Site "Torrevieja Alicante"]
[Date "2022.04.14"]
[Round "2.7"]
[White "Bravo De La Vega, Alvaro"]
[Black "Chatalbashev, Boris"]
[Result "1-0"]
[ECO "B06"]
[WhiteElo "2057"]
[BlackElo "2515"]
[Annotator "TA"]
[PlyCount "37"]
[EventDate "2022.04.12"]
[EventType "swiss"]
[EventCountry "ESP"]
[SourceTitle "playchess.com"]
[Source "ChessBase"]
[SourceQuality "1"]
[TimeControl "5400+30"]

1. e4 g6 2. d4 Bg7 3. Nc3 c6 4. Nf3 d6 5. Be3 Qb6 6. Qd2 {[%emt 0:05:32] B06: Modern Defence.} (6. a3 $14) 6... Qxb2 $11 7. Rb1 Qa3 8. Bc4 Nf6 ({Black should try} 8... Nd7 $11) 9. e5 $14 Ng4 10. exd6 {[%emt 0:20:13] [#]} (10. Rb3 $14 Qa5 11. exd6) 10... Qxd6 $146 {[%emt 0:06:37] The position is equal.} ({Predecessor:} 10... Nxe3 11. fxe3 Qxd6 12. Ne4 Qd8 13. Nfg5 O-O 14. O-O e6 15. Qf2 Qe7 16. Qg3 b5 {½-½ (71) Sieber,F (2225)-Yoseph,T (2455) Sitges 2021}) 11. Bf4 Qd8 12. h3 Nf6 13. O-O O-O 14. a4 Nbd7 15. Rfe1 Nb6 16. Bf1 Nbd5 17. Nxd5 cxd5 18. Bd3 b6 19. Qb4 {[%emt 0:01:07][%mdl 32768] Weighted Error Value: White=0.08 (flawless) /Black=0.11 (very precise) . Loss on time!?} 1-0

[Event "1st Semana Santa Torrevieja 2022"]
[Site "Torrevieja Alicante"]
[Date "2022.04.14"]
[Round "2.9"]
[White "Moreno Alcaraz, Jose Javier"]
[Black "Vasquez Schroeder, Rodrigo"]
[Result "1-0"]
[ECO "B56"]
[WhiteElo "2080"]
[BlackElo "2493"]
[Annotator "TA"]
[PlyCount "101"]
[EventDate "2022.04.12"]
[EventType "swiss"]
[EventCountry "ESP"]
[SourceTitle "playchess.com"]
[Source "ChessBase"]
[SourceQuality "1"]
[TimeControl "5400+30"]

1. e4 c5 2. Nf3 d6 3. d4 cxd4 4. Nxd4 Nf6 5. Nc3 Nc6 6. f3 e5 7. Nb3 Be7 8. Be3 Be6 9. Nd5 Bxd5 10. exd5 Nb4 {[%emt 0:00:08] The main line 10...Nb4 scores better than 10...Nb8.} 11. c4 $1 {[%emt 0:05:03] B56: Classical Sicilian: Unusual Lines.} a5 12. a3 Na6 13. Bd3 O-O 14. O-O Nd7 15. Qc2 {[%emt 0:18:50] [#]} h6 $146 ({Predecessor:} 15... g6 16. g3 f5 17. Rae1 a4 18. Nd2 Nac5 19. Be2 Qa5 20. Kh1 Rfc8 {1-0 (35) Pitra,A (2213)-Peng,X (2424) Bangkog 2018}) 16. Nd2 Bg5 17. Bf2 Bxd2 18. Qxd2 Nac5 19. Bc2 {[%emt 0:03:15] Prevents Nb3.} a4 20. f4 Qa5 21. Qe2 Rae8 22. Rae1 Qd8 (22... e4 $11) 23. Qh5 Nf6 (23... Qa5 $14 {feels stronger.}) 24. Qh4 {[%emt 0:04:04] [#] And now Bxc5 would win.} Nfd7 (24... exf4 $142 25. Bd4 (25. Qxf4 Rxe1 26. Rxe1 Re8 $16) 25... Rxe1 26. Qxe1 (26. Rxe1 Re8 $14) 26... Nfd7) 25. Qh5 {[%emt 0:01:15] &Bianco is more active.} ({White should play} 25. Qxd8 Rxd8 26. Bxc5 Nxc5 27. fxe5) 25... Nf6 $16 26. Qh4 (26. Qf5 $16 e4 27. Bxc5 dxc5 28. Bxa4 (28. Bxe4 $2 g6 $19)) 26... exf4 (26... Nfd7 $1 $11) 27. Qxf4 Rxe1 28. Bxe1 ({Better is} 28. Rxe1 $16 Re8 29. Rxe8+ Qxe8 30. Qxd6) 28... Qb6 29. Qd4 {[%emt 0:02:56] Threatens to win with Rxf6.} Nfd7 30. Kh1 Ne5 31. Bb4 Rc8 32. Bf5 {[%emt 0:02:15] A strong pair of Bishops.} Re8 33. Re1 Qd8 34. Bxc5 dxc5 35. Qxc5 Nxc4 36. Re4 Rxe4 37. Bxe4 Nd6 38. Bd3 Qf6 39. h3 $1 g6 40. Qc3 $2 (40. Bc2 $11) 40... Qxc3 $19 41. bxc3 {[%emt 0:00:00][%cal Bb2c3,Bc3c4][%mdl 4128] Endgame [#] KB-KN} Kg7 $2 (41... b5 $1 $19 42. Kh2 Kg7) 42. c4 $1 $11 {[%emt 0:01:12] c5 is the strong threat. The position is equal.} b6 43. Kg1 $1 Kf6 {[%emt 0:00:02] Black wants to play ...Ke5.} 44. Kf2 Ke5 {[%emt 0:00:06] White should prevent ...Kd4.} 45. Ke3 f5 46. Be2 g5 47. Kd3 $1 Ne4 48. Bf3 Nf6 49. Bd1 Ne4 {[%emt 0:01:24] White must now prevent ...Nf2+.} 50. Bf3 Nc5+ 51. Kc3 {[%emt 0:00:01][%mdl 32768] Weighted Error Value: White=0.30/Black=0.25 (precise) . Sensor Board Error (Ke4/e5)?} 1-0

[Event "1st Semana Santa Torrevieja 2022"]
[Site "Torrevieja Alicante"]
[Date "2022.04.14"]
[Round "2.10"]
[White "Sochacki, Christophe"]
[Black "Abrisqueta Zudaire, Leyre"]
[Result "1-0"]
[ECO "A11"]
[WhiteElo "2485"]
[BlackElo "2086"]
[Annotator "TA"]
[PlyCount "99"]
[EventDate "2022.04.12"]
[EventType "swiss"]
[EventCountry "ESP"]
[SourceTitle "playchess.com"]
[Source "ChessBase"]
[SourceQuality "1"]
[TimeControl "5400+30"]

1. Nf3 d5 2. e3 e6 3. c4 c6 4. b3 Nf6 5. Bb2 Bd6 6. Nc3 Nbd7 7. Qc2 {[%emt 0:00:36] A11: English Opening: 1...c6.} Qe7 8. Rg1 a6 (8... e5 $142) 9. g4 $1 $11 {[%emt 0:01:03][%cal Bg2g4,Bg4g5][%mdl 32] White has an edge.} Ne5 10. Nxe5 Bxe5 11. g5 Nd7 {[%emt 0:07:48] [#]} 12. O-O-O $146 ({Predecessor:} 12. h4 d4 13. Ne4 dxe3 14. dxe3 Bxb2 15. Qxb2 e5 16. O-O-O O-O 17. Qc2 f5 18. gxf6 Nxf6 {0-1 (68) Maslik,M (2341)-Obona,J (2209) Slovakia 2015}) 12... b5 13. f4 Bd6 14. d4 bxc4 15. bxc4 Ba3 (15... dxc4 $14 16. Ne4 (16. Bxc4 Rb8 $14) 16... Ba3) 16. c5 $36 {[%emt 0:00:20][%mdl 2048] White is really pushing.} Bxb2+ 17. Kxb2 (17. Qxb2 $6 h6 $14) 17... a5 18. Qa4 {[%emt 0:06:43] &Bianco is much more active.} Nb8 19. Ka1 Qc7 20. Rb1 Ba6 {[%emt 0:00:27] [#] This move loses the game for Black.} (20... O-O $16 {was worth a try.}) 21. Rxb8+ $1 $18 Rxb8 22. Bxa6 Rb4 23. Qc2 Qa7 (23... a4 {keeps fighting.} 24. Bd3 (24. Nxa4 Qa5 $17) 24... a3) 24. Bd3 {[%emt 0:00:37] And now Na4 would win.} a4 25. Rb1 (25. Bxh7 g6 $16) 25... Rxb1+ 26. Qxb1 O-O 27. Qb6 {[%emt 0:05:42] Inhibits Qa5.} Qa8 28. Qa6 a3 {[%emt 0:00:48] [#]} (28... Qxa6 $16 29. Bxa6 Rb8) 29. Qxa8 $1 Rxa8 30. Bc2 Kf8 31. Ba4 ({Stronger than} 31. Bxh7 g6 32. Bxg6 fxg6 $17) 31... Ra6 32. Kb1 Ke7 33. Kc2 Kd7 34. Kb3 h6 35. h4 ({Not} 35. Kxa3 hxg5 36. fxg5 Ra8 $16) 35... hxg5 36. hxg5 ({Weaker is} 36. fxg5 Ra8 $14) 36... f6 $2 (36... Ra8 37. Kxa3 Rh8) 37. gxf6 gxf6 38. Kxa3 (38. f5 $142 Ke7 39. fxe6) 38... Ra8 $2 (38... f5 39. Ne2 Ra8) 39. Kb3 (39. f5 $142 Re8 40. fxe6+ Rxe6 41. Nxd5) 39... Rh8 $2 (39... Kc7 40. Kc2 Rg8) 40. f5 exf5 41. Nxd5 Rh3 42. Kc4 Rh2 43. Nb4 Rh3 44. Bxc6+ Kc7 45. a4 (45. Bb5 $142 Kb8 46. Nd5 Rh2 47. c6 Ka7 48. c7 Rh8 49. Kc5 Rf8 50. a4) 45... Kb8 46. Nd5 {[%emt 0:00:15] White mates.} Rh1 47. Bd7 Rc1+ 48. Kb5 Rb1+ 49. Kc6 Ra1 50. Kd6 {[%emt 0:00:04] Weighted Error Value: White=0.45/Black=0.68} 1-0